 Dungeon Crawl Stone Soup version 0.21-a0-509-gecc5317 (webtiles) character file.

32955 Lasiace the Cruncher (level 14, -10/115 HPs)
             Began as a Formicid Fighter on Nov 30, 2017.
             Was a High Priest of Wu Jian.
             Killed from afar by a white draconian (32 damage)
             ... with a chilling blast
             ... in an ice cave.
             The game lasted 02:06:27 (16824 turns).

Lasiace the Cruncher (Formicid Fighter)            Turns: 16824, Time: 02:06:28

Health: -10/115    AC: 19    Str: 19    XL:     14   Next: 5%
Magic:  0/14       EV: 11    Int:  9    God:    Wu Jian [*****.]
Gold:   968        SH:  7    Dex: 16    Spells: 13/13 levels left

rFire    . . .     SeeInvis +   s - +2 quarterstaff (crush)
rCold    . . .     Gourm    .   A - +1 buckler {AC+3}
rNeg     . . .     Faith    .   Y - +0 plate armour
rPois    .         Spirit   +   (helmet unavailable)
rElec    .         Reflect  .   Q - scarf {Spirit}
rCorr    .         Harm     .   (no gloves)
MR       ++...                  (no boots)
Stlth    ..........             R - amulet of regeneration
HPRegen  0.69/turn              U - +2 ring of evasion
MPRegen  0.14/turn              I - ring of protection from magic

@: no status effects
A: permanent stasis, dig shafts and tunnels, four strong arms, antennae 3,
molten scales 1, agile 1, blurry vision 1, screaming 1, weak 1
a: Dig, Shaft Self, Serpent's Lash, Heavenly Storm, Renounce Religion


You were in an ice cave.
You worshipped Wu Jian.
Wu Jian was extremely pleased with you.
You were not hungry.

You visited 3 branches of the dungeon, and saw 17 of its levels.
You also visited: Labyrinth and Ice Cave.

You collected 968 gold pieces.

Inventory:

Hand Weapons
 a - a +0 lajatang
 s - a +2 quarterstaff of crushing (weapon)
Missiles
 e - a throwing net {=f!f}
 t - 16 tomahawks (quivered)
 F - 5 tomahawks of returning
Armour
 r - a +2 cloak
 A - a +1 buckler of protection (worn)
 Q - a scarf of spirit shield (worn)
 S - a +0 shield
 Y - a +0 plate armour (worn)
Magical Staves
 g - an uncursed staff of wizardry
Jewellery
 I - a ring of protection from magic (right hand)
 R - an amulet of regeneration (around neck)
 U - a +2 ring of evasion (left hand)
Wands
 d - a wand of paralysis (13)
 n - a wand of iceblast (34)
 o - a wand of flame (18)
 p - a wand of polymorph (13)
 x - a wand of digging (26)
 C - a wand of random effects (78)
 D - a wand of acid (27)
 X - a wand of disintegration (11)
Scrolls
 b - a scroll of blinking {unknown}
 k - a scroll of remove curse
 l - 3 scrolls of fog
 m - a scroll of magic mapping
 q - 2 scrolls of noise {unknown}
 u - 3 scrolls of amnesia
 G - a scroll of silence {unknown}
 K - a scroll of enchant armour
 N - a scroll of holy word
 T - a scroll of enchant weapon {unknown}
 V - a scroll of fear
Potions
 h - 4 potions of agility
 v - 2 potions of magic
 w - 3 potions of heal wounds {@q1}
 y - 4 potions of might
 z - 7 potions of brilliance
 E - 2 potions of lignification
 J - 5 potions of flight
 M - a potion of ambrosia {unknown}
 O - 6 potions of curing {@q2}
 W - a potion of resistance {unknown}
 Z - 3 potions of mutation {unknown}
Books
 c - a book of Geomancy

   Spells                             Type                      Level
   a - Sandblast                      Earth                        1
   b - Passwall                       Transmutation/Earth          2
   c - Stone Arrow                    Conjuration/Earth            3
   d - Petrify                        Transmutation/Earth          4
   e - Lee's Rapid Deconstruction     Earth                        5
 B - a book of Flames

   Spells                             Type                      Level
   a - Flame Tongue                   Conjuration/Fire             1
   b - Throw Flame                    Conjuration/Fire             2
   c - Conjure Flame                  Conjuration/Fire             3
   d - Inner Flame                    Hexes/Fire                   3
   e - Sticky Flame                   Conjuration/Fire             4
   f - Fireball                       Conjuration/Fire             5
 P - a book of Frost

   Spells                             Type                      Level
   a - Freeze                         Ice                          1
   b - Throw Frost                    Conjuration/Ice              2
   c - Ozocubu's Armour               Charms/Ice                   3
   d - Throw Icicle                   Conjuration/Ice              4
   e - Summon Ice Beast               Ice/Summoning                4
Comestibles
 f - 6 bread rations
 i - 17 royal jellies
 j - 10 meat rations
 H - 18 fruits
 L - 9 chunks of flesh


   Skills:
 - Level 12.0 Fighting
 - Level 14.0 Staves
 - Level 7.0 Throwing
 - Level 10.0 Armour
 + Level 6.4 Dodging
 - Level 9.0 Shields


You had 13 spell levels left.
You didn't know any spells.

Dungeon Overview and Level Annotations

Branches:
Dungeon (11/15)            Temple (1/1) D:6            Lair (5/6) D:11
 Shoals (0/4) Lair:4       Spider (0/4) Lair:2          Orc (0/2) D:11
  Slime: Lair:5-6

Altars:
Ashenzari
Cheibriados
Dithmenos
Elyvilon
Fedhas
Gozag
Hepliaklqana
Kikubaaqudgha
Makhleb
Nemelex Xobeh
Okawaru
Qazlal
Ru
Sif Muna
Trog
Uskayaw
Vehumet
Wu Jian
Xom
Yredelemnul
Zin
The Shining One

Shops:
D:7 (

Annotations:
Lair:2 exclusion: 4 oklob plants


Innate Abilities, Weirdness & Mutations

You cannot be hasted, slowed, berserked, paralysed or teleported.
You can dig through walls and to a lower floor.
Your four strong arms can wield two-handed weapons with a shield.
You have a pair of large antennae on your head. (SInv)
You are partially covered in molten scales. (AC +2)
You are agile. (Dex +2)
Scrolls take you a little longer to read.
You occasionally shout uncontrollably at your foes.
You are weak. (Str -2)


Message History

The white draconian is moderately wounded.
You closely miss the white draconian.
The white draconian is moderately wounded.
The white draconian hits you with a battleaxe of freezing!
* * * LOW HITPOINT WARNING * * *
The white draconian freezes you.
* * * LOW HITPOINT WARNING * * *
You closely miss the white draconian.
The white draconian is moderately wounded.
The white draconian breathes frost at you.
The chilling blast hits you!
* * * LOW HITPOINT WARNING * * *
You spin and attack the white draconian repeatedly.
You sock the white draconian!
The white draconian is heavily wounded.
You hit the white draconian but do no damage.
The white draconian is heavily wounded.
The white draconian breathes frost at you.
The chilling blast hits you!
You die...

##.....### #.......#
##....... ##.......
##....... ######
........# ###....###
........####...#....#####
######...#Y.†.####.....#.
###@dh#### ####.... #####
#####


You could see a white draconian (pinned), a polar bear (berserk) and a yak.

Vanquished Creatures
  A minotaur (Lab)
  Erica (Lair:2)
  A catoblepas (Lair:3)
  The ghost of Madydog the Carver, a novice MiBe of Trog (D:10)
  A two-headed ogre (D:8)
  The ghost of Hafrunt the Transmogrifier, a novice DrTm of Makhleb (D:8)
  An unseen horror (D:11)
  Pikel (D:7)
  A black mamba (Lair:1)
  An ice statue (IceCv)
  2 elephants (Lair:2)
  2 centaur zombies
  Joseph (D:9)
  7 spiny frogs
  2 komodo dragons (Lair:1)
  A rime drake (Lair:2)
  2 trolls
  A queen bee (Lair:2)
  14 polar bears
  18 blink frogs
  9 hippogriffs
  A wraith (D:10)
  4 wyverns
  Eustachio (D:4)
  14 yaks
  A hungry ghost (D:10)
  2 steam dragons
  3 basilisks (Lair:2)
  The ghost of Lasiace the Shield-Bearer, an amateur FoFi (D:3)
  4 vampire mosquitoes (Lair:3)
  2 soldier ants (D:8)
  2 insubstantial wisps (Lair:3)
  Edmund (D:3)
  Duvessa (D:4)
  6 water moccasins
  7 porcupines
  3 orc warriors
  A sky beast (D:10)
  A black bear (D:8)
  3 phantoms
  12 ice beasts
  7 ogres
  12 wolves
  7 centaurs
  6 crocodiles
  7 bullfrogs
  A gnoll sergeant (D:8)
  Blork the orc (D:9)
  Dowan (D:4)
  5 scorpions
  2 water moccasin skeletons
  31 killer bees (Lair:2)
  5 wights (D:6)
  3 electric eels (Lair:4)
  2 howler monkeys
  3 crimson imps
  A bullfrog zombie (D:10)
  A jelly (D:10)
  3 bullfrog skeletons
  3 hounds
  4 orc priests
  8 orc wizards
  A centaur skeleton (D:8)
  3 iguanas
  Natasha (thrice) (D:4)
  A hell rat (Lair:2)
  9 worker ants
  A hound zombie (D:7)
  Robin (D:3)
  3 gnolls (D:8)
  2 howler monkey zombies
  11 adders
  A shadow imp (D:8)
  An ooze (D:6)
  2 adder zombies
  3 worms
  2 dart slugs
  4 leopard geckos
  40 orcs
  7 bats
  A bat skeleton (D:7)
  A bat zombie (D:7)
  3 giant cockroaches
  8 hobgoblins
  10 jackals
  5 kobolds
  3 quokkas
  A ball python (D:1)
  A ball python skeleton (D:5)
  5 frilled lizards
  12 goblins
  A jackal skeleton (D:7)
  7 rats
  A plant (Lair:1)
406 creatures vanquished.

Vanquished Creatures (others)
  Menkaure (D:7)
  2 vampire bats (D:7)
  An adder (D:7)
  A leopard gecko (D:7)
  A bat skeleton (D:7)
  A bat zombie (D:7)
  8 fungi (Lair:2)
  A plant (Lair:2)
16 creatures vanquished.

Grand Total: 422 creatures vanquished

Notes
Turn   | Place    | Note
-------+----------+-------------------------------------------
     0 | D:1      | Lasiace the Formicid Fighter began the quest for the Orb.
     0 | D:1      | Reached XP level 1. HP: 18/18 MP: 1/1
     6 | D:1      | Noticed a rime drake
     6 | D:1      | Noticed a killer bee
     6 | D:1      | Noticed a wolf
     6 | D:1      | Noticed a polar bear
     6 | D:1      | Noticed a crocodile
   294 | D:1      | Reached XP level 2. HP: 24/24 MP: 2/2
   870 | D:2      | Found a bloodstained altar of Trog.
   932 | D:2      | Found a burning altar of Makhleb.
   932 | D:2      | Noticed a balrug
   935 | D:2      | Noticed a ynoxinul
   935 | D:2      | Noticed a ynoxinul
  1012 | D:2      | Reached XP level 3. HP: 30/30 MP: 3/3
  1448 | D:2      | Reached XP level 4. HP: 26/37 MP: 4/4
  1795 | D:3      | Reached skill level 3 in Staves
  1801 | D:3      | Noticed Robin
  1808 | D:3      | Killed Robin
  1926 | D:3      | Found a faded altar of an unknown god.
  2001 | D:3      | Reached XP level 5. HP: 37/42 MP: 5/5
  2079 | D:3      | Reached skill level 4 in Staves
  2273 | D:3      | Noticed Lasiace's ghost (amateur FoFi)
  2285 | D:3      | Killed Lasiace's ghost
  2285 | D:3      | Reached skill level 5 in Staves
  2285 | D:3      | Reached XP level 6. HP: 34/48 MP: 6/6
  2607 | D:4      | Noticed Edmund
  2610 | D:4      | Noticed an ogre
  2627 | D:3      | Killed Edmund
  2627 | D:3      | Reached skill level 6 in Staves
  2627 | D:3      | Reached XP level 7. HP: 49/54 MP: 7/7
  2766 | D:4      | Noticed Natasha
  2772 | D:4      | Killed Natasha
  2804 | D:4      | Reached skill level 7 in Staves
  2812 | D:4      | Noticed Natasha
  2821 | D:4      | Killed Natasha
  2935 | D:4      | Reached XP level 8. HP: 38/60 MP: 8/8
  3135 | D:4      | Noticed Natasha
  3144 | D:4      | Killed Natasha
  3144 | D:4      | Reached skill level 8 in Staves
  3197 | D:4      | Noticed Duvessa
  3197 | D:4      | Noticed Dowan
  3220 | D:4      | Killed Duvessa
  3228 | D:4      | Killed Dowan
  3336 | D:4      | Noticed Eustachio
  3355 | D:4      | Killed Eustachio
  3584 | D:5      | Entered Level 5 of the Dungeon
  3675 | D:5      | Reached skill level 5 in Throwing
  3787 | D:5      | Found a shattered altar of Ashenzari.
  3804 | D:5      | Reached XP level 9. HP: 65/65 MP: 9/9
  3854 | D:5      | Noticed a troll
  3939 | D:4      | Killed a troll
  4722 | D:6      | Reached skill level 9 in Staves
  4884 | D:6      | Found a staircase to the Ecumenical Temple.
  4893 | Temple   | Entered the Ecumenical Temple
  5206 | D:6      | Found a shadowy altar of Dithmenos.
  5220 | D:6      | Found a radiant altar of Vehumet.
  5566 | D:7      | Found a glowing silver altar of Zin.
  5567 | D:7      | Found an opulent altar of Gozag.
  5595 | D:7      | Reached skill level 10 in Staves
  5608 | D:7      | Found Lyw Noa's Antique Weapon Emporium.
  5742 | D:7      | Noticed Pikel
  5759 | D:7      | Killed Pikel
  5759 | D:7      | Reached XP level 10. HP: 71/76 MP: 10/10
  6112 | D:7      | Killed Menkaure
  6252 | D:7      | Found an ancient bone altar of Kikubaaqudgha.
  6998 | D:8      | Found an ornate altar of the Wu Jian Council.
  6998 | D:8      | Found a blossoming altar of Fedhas.
  7000 | D:8      | Found a hazy altar of Hepliaklqana.
  7068 | D:8      | Became a worshipper of the Wu Jian Council
  7283 | D:8      | Noticed a two-headed ogre
  7291 | D:8      | Killed a two-headed ogre
  7291 | D:8      | Reached skill level 10 in Fighting
  7294 | D:8      | Noticed Hafrunt's ghost (novice DrTm)
  7513 | D:8      | Killed Hafrunt's ghost
  7513 | D:8      | Reached XP level 11. HP: 82/93 MP: 11/11
  7538 | D:8      | Found an iron altar of Okawaru.
  7541 | D:8      | Found a hide-covered altar of Uskayaw.
  8110 | D:9      | Noticed Joseph
  8122 | D:9      | Killed Joseph
  8122 | D:9      | Reached * piety under Wu Jian
  8362 | D:9      | Noticed Blork the orc
  8374 | D:9      | Killed Blork the orc
  8378 | D:9      | Found a deep blue altar of Sif Muna.
  8732 | D:10     | Entered Level 10 of the Dungeon
  8771 | D:10     | Noticed Madydog's ghost (novice MiBe)
  8806 | D:10     | Killed Madydog's ghost
  8806 | D:10     | Reached skill level 11 in Staves
  9227 | D:10     | Found a stormy altar of Qazlal.
  9260 | D:10     | Gained mutation: You occasionally shout uncontrollably at your foes. [mutagenic meat]
  9261 | D:10     | Gained mutation: You are agile. (Dex +2) [mutagenic meat]
  9262 | D:10     | Gained mutation: You are partially covered in molten scales. (AC +2) [mutagenic meat]
  9264 | D:10     | Gained mutation: You are weak. (Str -2) [mutagenic meat]
  9265 | D:10     | Gained mutation: Scrolls take you a little longer to read. [mutagenic meat]
  9456 | D:10     | Reached ** piety under Wu Jian
  9800 | D:11     | Found a staircase to the Lair.
  9806 | D:11     | Found a staircase to the Orcish Mines.
  9893 | D:11     | Reached skill level 12 in Staves
 10259 | D:11     | Noticed an unseen horror
 10264 | D:11     | Killed an unseen horror
 10771 | Lair:1   | Entered Level 1 of the Lair of Beasts
 10779 | Lair:1   | Reached XP level 12. HP: 102/102 MP: 12/12
 11097 | Lair:1   | Got a scorched ring mail
 11112 | Lair:1   | Identified the +1 ring mail "Jofogeel" {+Blink rN+} (You found it on level 1 of the Lair of Beasts)
 11268 | Lair:1   | Reached skill level 13 in Staves
 11919 | Lair:2   | Reached skill level 14 in Staves
 11956 | Lair:2   | Reached skill level 1 in Dodging
 12005 | Lair:2   | Reached *** piety under Wu Jian
 12035 | Lair:2   | Reached skill level 5 in Armour
 12341 | Lair:2   | Noticed Erica
 12372 | Lair:2   | Killed Erica
 12599 | Lair:2   | Reached XP level 13. HP: 85/108 MP: 11/13
 12848 | Lair:2   | Found a hole to the Spider Nest.
 12988 | Lair:2   | Reached **** piety under Wu Jian
 13711 | Lair:3   | Reached skill level 5 in Shields
 14124 | Lair:3   | Noticed a catoblepas
 14141 | Lair:3   | Killed a catoblepas
 14573 | Lair:4   | Found a labyrinth entrance.
 14654 | Lab      | Entered a labyrinth
 15075 | Lab      | Noticed a minotaur
 15097 | Lab      | Killed a minotaur
 15487 | Lair:4   | Found a staircase to the Shoals.
 16051 | Lair:5   | Found a frozen archway.
 16087 | Lair:5   | Reached skill level 5 in Dodging
 16128 | IceCv    | Entered an ice cave
 16574 | IceCv    | Reached ***** piety under Wu Jian
 16683 | IceCv    | Reached skill level 10 in Armour
 16683 | IceCv    | Reached XP level 14. HP: 68/115 MP: 9/14
 16780 | IceCv    | Noticed a white draconian
 16824 | IceCv    | Killed from afar by a white draconian

Vault maps used:
D:1:      onia_arrival_zoo_common, hex_medium, minmay_misc_feat_pillars
D:2:      bloody_trog, first_bread, makhleb_altar_promises_db
D:3:      chequers_ecumenical_altar_simple, uniq_robin
D:4:      minmay_misc_feat_secret_circle, hangedman_decor_lopped, uniq_natasha,
          uniq_eustachio, uniq_duvessa, uniq_edmund
D:5:      lemuel_doored_altar
D:6:      vehumet_crystals, grunt_dithmenos_smoke, temple_statues,
          feat_on_display
D:7:      kennysheep_spiral_hall, grunt_temple_overflow_gold_and_silver,
          kennysheep_vampire_church, serial_shops, shop_coins, uniq_pikel,
          uniq_menkaure
D:8:      grunt_temple_overflow_open, minitemple, hangedman_pestilent_swarm
D:9:      tgw_sif, uniq_joseph
D:10:     basic_altar
D:11:     lair_entry_dummy, serial_co_window_serial, co_window_corner_a,
          co_window_corner_a, co_window_paths_b, co_window_corner_a,
          co_window_corner_a, co_window_paths_a, co_window_paths_b,
          co_window_of_opportunity_b, co_window_broadway_c,
          co_window_broadway_a, co_window_unsneaky_path_c, co_window_corner_b,
          co_window_unsneaky_path_c, glass_columns_b, glass_columns_a,
          glass_columns_b, glass_columns_a
Temple:   jpeg_temple_island
Lair:1:   grunt_megastairs_1
Lair:2:   hangedman_what_comes_after_a, spider_nest_entry_a,
          grunt_forest_small_clearings, lemuel_fruit_tree, uniq_erica
Lair:3:   pond
Lair:4:   minmay_shoals_entry_centaurs, lab_entry_generic, serial_bayou,
          serial_bayou_crossing, serial_bayou_shore_b, serial_bayou_lagoon_b,
          serial_bayou_ford_a
Lair:5:   cheibrodos_lair_river_kwai, portal_ice_cave_entry_ice_beasts
Lab:      nicolae_lab_stuck, nicolae_lab_checkerboard
IceCv:    ice_cave_small_giant

Skill      XL: |  1  2  3  4  5  6  7  8  9 10 11 12 13 |
---------------+----------------------------------------+-----
Shields        | 4 9 |  9.0
Fighting       | 4 6 11 12 | 12.0
Armour         | 4 6 10 | 10.0
Staves         | 3 5 6 7 8 10 12 14 | 14.0
Throwing       | 5 7 |  7.0
Dodging        | 4 6 |  6.4

Action                   |  1- 3 |  4- 6 |  7- 9 | 10-12 | 13-15 || total
-------------------------+-------+-------+-------+-------+-------++-------
Melee: Quarterstaff      |   148 |   161 |   224 |   844 |   746 ||  2123
       Dire flail        |       |       |     2 |       |       ||     2
Throw: Stone             |     6 |     5 |       |       |       ||    11
       Tomahawk          |       |     8 |    98 |    38 |       ||   144
 Abil: Dig               |     4 |     1 |     3 |     6 |       ||    14
Evoke: Wand              |       |       |       |     5 |       ||     5
  Use: Scroll            |       |     4 |     5 |     7 |     7 ||    23
       Potion            |       |     1 |       |     2 |       ||     3
 Stab: Distracted        |       |       |       |     2 |       ||     2
  Eat: Chunk             |     2 |     5 |    10 |    28 |    13 ||    58
       Royal jelly       |       |       |       |     1 |     1 ||     2
Armor: Scale mail        |    10 |       |       |       |       ||    10
       Plate armour      |   110 |    84 |    75 |   270 |   261 ||   800
       Skin              |       |       |       |    17 |       ||    17
Dodge: Dodged            |    24 |    16 |    29 |   116 |   202 ||   387
Block: Shield            |    93 |    68 |   104 |   273 |    58 ||   596
       Buckler           |       |       |       |       |   121 ||   121

Table legend:
 A = Spawn XP
 B = Non-spawn XP
 C = Spawn XP percentage of total XP
 D = Spawn monster count
 E = Non-spawn monster count
 F = Spawn count percentage of total count
 G = Total turns spent on level
                    A         B        C        D         E        F      G
               +---------+---------+-------+---------+---------+-------+---------
         Total |       0 |   47079 |   0.0 |       0 |     405 |   0.0 | 16824
               +---------+---------+-------+---------+---------+-------+---------
           D:1 |       0 |      23 |   0.0 |       0 |      14 |   0.0 |   841
           D:2 |       0 |      49 |   0.0 |       0 |      23 |   0.0 |   828
           D:3 |       0 |     536 |   0.0 |       0 |      35 |   0.0 |   991
           D:4 |       0 |    1320 |   0.0 |       0 |      27 |   0.0 |  1087
           D:5 |       0 |     510 |   0.0 |       0 |      14 |   0.0 |   829
           D:6 |       0 |    1010 |   0.0 |       0 |      24 |   0.0 |   759
           D:7 |       0 |    1484 |   0.0 |       0 |      20 |   0.0 |   922
           D:8 |       0 |    3503 |   0.0 |       0 |      27 |   0.0 |  1116
           D:9 |       0 |    2132 |   0.0 |       0 |      27 |   0.0 |  1152
          D:10 |       0 |    3128 |   0.0 |       0 |      28 |   0.0 |  1068
          D:11 |       0 |    1485 |   0.0 |       0 |       3 |   0.0 |   971
        Lair:1 |       0 |    3123 |   0.0 |       0 |      13 |   0.0 |   976
        Lair:2 |       0 |   10632 |   0.0 |       0 |      68 |   0.0 |  1889
        Lair:3 |       0 |    6056 |   0.0 |       0 |      23 |   0.0 |   886
        Lair:4 |       0 |    2182 |   0.0 |       0 |      14 |   0.0 |   901
        Lair:5 |       0 |    1688 |   0.0 |       0 |      11 |   0.0 |   107
           Lab |       0 |    1131 |   0.0 |       0 |       1 |   0.0 |   598
         IceCv |       0 |    7087 |   0.0 |       0 |      33 |   0.0 |   696
               +---------+---------+-------+---------+---------+-------+---------
